 Dungeon Crawl Stone Soup version 0.31.0-12-g77e489cdc1 (webtiles) character file.

Game seed: 14350093872883671684

1921 Gadfly the Cudgeller (level 9, 0/54 HPs)
             Began as a Gargoyle Fighter on Mar 1, 2024.
             Was a Believer of the Shining One.
             Slain by a sky beast (4 damage)
             ... on level 7 of the Dungeon.
             The game lasted 00:12:06 (5375 turns).

Gadfly the Cudgeller (Gargoyle Fighter)             Turns: 5375, Time: 00:12:07

Health: 0/54       AC: 19    Str: 23    XL:     9   Next: 17%
Magic:  13/13      EV:  4    Int:  8    God:    the Shining One [**....]
Gold:   298        SH:  0    Dex: 11    Spells: 5/8 levels left

rFire   . . .        a - +0 flail (venom)
rCold   . . .        c - +0 buckler
rNeg    + + .        h - +0 chain mail
rPois   ∞            (helmet restricted)
rElec   +            (no cloak)
rCorr   +            p - +1 pair of gloves
SInv    .            t - +0 pair of boots
Will    .....        x - amulet of the acrobat Stlth
                     g - ring of flight
HPRegen 0.29/turn    m - ring of resist corrosion
MPRegen 0.13/turn

%: acrobat
@: weakened, flying, held, glowing
A: sickness immunity, AC +6, negative energy resistance 1, electricity
resistance, torment resistance 1, petrification resistance, antennae 1, mutation
resistance 1, wild magic 1
a: Renounce Religion, Divine Shield


You were on level 7 of the Dungeon.
You worshipped the Shining One.
The Shining One was pleased with you.
You visited 2 branches of the dungeon, and saw 8 of its levels.

You collected 298 gold pieces.

Inventory:

Hand Weapons
 a - a +0 flail of venom (weapon)
 b - a +1 flail of holy wrath
 j - a +0 whip of electrocution
Armour
 c - a +0 buckler (worn)
 h - a +0 chain mail (worn)
 p - a +1 pair of gloves (worn)
 t - a +0 pair of boots (worn)
Jewellery
 g - a ring of flight (left hand)
 m - a ring of resist corrosion (right hand)
 x - an amulet of the acrobat (around neck)
Wands
 d - a wand of polymorph (11)
 e - a wand of flame (22) (quivered)
 q - a wand of iceblast (14)
Scrolls
 f - 2 scrolls of summoning
 l - a scroll of fog
Potions
 i - a potion of resistance
 k - a potion of attraction
 u - a potion of curing
 z - a potion of lignification


   Skills:
 + Level 5.5 Fighting
 * Level 5.9 Maces & Flails
 + Level 5.3 Armour
 + Level 5.3 Shields
 + Level 5.5 Invocations
 * Level 4.8 Evocations


You had 5 spell levels left.
You knew the following spells:

 Your Spells              Type           Power      Damage    Failure   Level
a - Swiftness             Air            0%         N/A       100%        3

Your spell library contained the following spells:

 Spells                   Type           Power      Damage    Failure   Level
 Foxfire                  Conj/Fire      0%         2x1d4     98%         1
 Mercury Vapours          Alch/Air       0%         N/A       99%         2
 Tukima's Dance           Hex            0%         N/A       100%        3
 Airstrike                Air            0%         2d(0-16)  100%        4
 Passage of Golubria      Tloc           0%         N/A       100%        4
 Yara's Violent Unravell  Hex/Alch       0%         3d3       100%        5
 Plasma Beam              Fire/Air       0%         2x1d10    100%        6
 Starburst                Conj/Fire      0%         6d3       100%        6


Dungeon Overview and Level Annotations

Branches:
Dungeon (7/15)             Temple (1/1) D:4

Altars:
Ashenzari
Cheibriados
Dithmenos
Elyvilon
Fedhas
Gozag
Hepliaklqana
Kikubaaqudgha
Makhleb
Nemelex Xobeh
Okawaru
Qazlal
Sif Muna
Trog
Uskayaw
Vehumet
Wu Jian
Xom
Yredelemnul
Zin
The Shining One

Shops:
D:7 !?

Annotations:
D:5 2 runed translucent doors, Zeo's ghost, novice BaHu
Temple 2 transporters


Innate Abilities, Weirdness & Mutations

You are immune to sickness and miasma.
Your stone body is resilient. (AC +6)
You are immune to poison.
You resist negative energy. (rN+)
You are resistant to electric shocks. (rElec)
You are resistant to unholy torment.
You are immune to petrification.
You have a pair of small antennae on your head.
You are somewhat resistant to further mutation.
Your spells are a little harder to cast, but a little more powerful.


Message History

The gnoll bouda shouts!
The gnoll shouts!
You hear a shout!
You hear a shout!
The gnoll shouts!
A gnoll comes into view. It is wielding a +0 spear.
A gnoll comes into view.
It is wielding a +0 flail and quivering a throwing net.
The orc shouts! x2; The gnoll shouts!
A gnoll comes into view. It is wielding a +1 heavy spear.
A gnoll comes into view. It is wielding a +0 flail.
The gnoll throws a throwing net.
The throwing net hits you.
You become entangled in the net!
The gnoll bouda gazes fiercely through you!
You feel your attacks grow feeble.
There is a stone staircase leading up here.
You see here a throwing net.
You struggle against the net.
The gnoll shouts!
The orc shouts!
The gnoll is no longer moving quickly.
The sky beast flickers out of sight for a moment.
You struggle against the net.
The gnoll is no longer moving quickly.
The gnoll hits you but does no damage. x2
The sky beast hits you but does no damage.
Okay, then.
Unknown command.
You struggle against the net.
Your attacks no longer feel as feeble.
The gnoll hits you but does no damage. The gnoll barely misses you.
The sleepcap releases spores at you but does no damage.
The gnoll bouda hits you but does no damage.
The sky beast hits you but does no damage.
The gnoll hits you with a +0 flail.
* * * LOW HITPOINT WARNING * * *
The gnoll bouda barks out a call to the hunt!
The gnolls pick up the pace!
You struggle against the net.
The gnoll hits you but does no damage. x2
The sleepcap releases spores at you but does no damage.
The gnoll bouda gazes fiercely through you!
You feel your attacks grow feeble.
The gnoll bouda hits you with a +0 whip.
* * * LOW HITPOINT WARNING * * *
The sky beast hits you.
You die...

......... .........
.....[..# #........
........####.#......
........##...#......
........f..#........
........####........
........# ##........
........# #.f.......
..##...####Y@g......
.........gggg###..$.
.........gYoB#∩#....
§........o.go+##....
.......o............
...>....g.T.........
.....g....#.........
.................#..
#...$......##...#


You could see a troll (poisoned), an ice beast, a sky beast (invisible), a
sleepcap, 2 gnoll boudas, a bombardier beetle, an orc wizard (invisible), 7
gnolls and 3 orcs.

Vanquished Creatures
  Maggie (D:6)
  Edmund (D:5)
  Duvessa (D:6)
  An orc warrior (D:5)
  An ogre (D:5)
  A centaur (D:5)
  3 phantoms
  Blork the orc (D:5)
  3 scorpions
  Dowan (D:6)
  2 bombardier beetles
  6 hounds
  3 orc priests
  Ijyb (D:5)
  3 orc wizards
  8 gnolls
  3 adders
  A white imp (D:6)
  5 ufetubi
  2 ribbon worms
  2 dart slugs
  16 orcs
  6 ball pythons
  4 bats
  5 endoplasms
  5 giant cockroaches
  5 goblins
  10 hobgoblins
  3 jackals (D:1)
  7 kobolds
  5 quokkas
  4 rats (D:1)
120 creatures vanquished.

Vanquished Creatures (others)
  A hobgoblin (D:4)
1 creature vanquished.

Grand Total: 121 creatures vanquished

Notes
Turn   | Place    | Note
-------+----------+-------------------------------------------
     0 | D:1      | Gadfly the Gargoyle Fighter began the quest for the Orb.
     0 | D:1      | Reached XP level 1. HP: 14/14 MP: 1/1
   115 | D:1      | Reached XP level 2. HP: 19/19 MP: 2/2
   193 | D:1      | Reached skill level 1 in Invocations
   275 | D:1      | Reached XP level 3. HP: 23/23 MP: 3/3
   383 | D:1      | Found a faded altar of an unknown god.
  1346 | D:2      | Reached skill level 1 in Evocations
  1753 | D:3      | Reached XP level 4. HP: 28/28 MP: 5/5
  2170 | D:3      | HP: 1/29 [orc priest/divine providence (12)]
  2183 | D:3      | Reached XP level 5. HP: 29/33 MP: 6/6
  2590 | D:4      | HP: 1/33 [orc priest/divine providence (11)]
  2592 | D:4      | Gained mutation: Your spells are a little harder to cast,
                  | but a little more powerful. [potion of mutation]
  2592 | D:4      | Gained mutation: You have a pair of small antennae on your
                  | head. [potion of mutation]
  2592 | D:4      | Gained mutation: You are somewhat resistant to further
                  | mutation. [potion of mutation]
  2605 | D:4      | Reached XP level 6. HP: 16/38 MP: 8/8
  2782 | D:4      | Found a staircase to the Ecumenical Temple.
  2801 | Temple   | Found a transporter.
  2801 | Temple   | Found a transporter.
  2801 | Temple   | Found a transporter.
  2801 | Temple   | Found a transporter.
  2801 | Temple   | Entered the Ecumenical Temple
  2817 | Temple   | Became a worshipper of the Shining One
  3093 | D:5      | Entered Level 5 of the Dungeon
  3282 | D:5      | Reached XP level 7. HP: 35/43 MP: 9/9
  3430 | D:5      | Found a runed translucent door.
  3431 | D:5      | Noticed Zeo's ghost (novice BaHu)
  3516 | D:5      | Noticed Blork the orc
  3527 | D:5      | Killed Blork the orc
  3631 | D:5      | Reached * piety under the Shining One
  3635 | D:5      | Noticed Edmund
  3652 | D:5      | Noticed Ijyb
  3666 | D:5      | Killed Edmund
  3667 | D:5      | Reached XP level 8. HP: 12/48 MP: 11/11
  3674 | D:5      | Killed Ijyb
  4382 | D:5      | Found a runed translucent door.
  4403 | D:5      | Reached skill level 5 in Maces & Flails
  4492 | D:5      | Found a shadowy altar of Dithmenos.
  4512 | D:5      | Reached skill level 5 in Fighting
  4512 | D:5      | Reached skill level 5 in Invocations
  4527 | D:5      | Found a shimmering blue altar of Sif Muna.
  4781 | D:6      | Noticed Duvessa
  4781 | D:6      | Noticed Dowan
  4800 | D:6      | Killed Dowan
  4801 | D:6      | Reached skill level 5 in Armour
  4805 | D:6      | Killed Duvessa
  4806 | D:6      | Reached skill level 5 in Shields
  4920 | D:6      | Got Ankemi Qogh's Volume of the Zephyr
  4958 | D:6      | Noticed Maggie
  4969 | D:6      | Killed Maggie
  4970 | D:6      | Reached XP level 9. HP: 48/54 MP: 11/13
  5008 | D:6      | Learned a level 3 spell: Swiftness
  5336 | D:7      | Found Himp's Distillery.
  5340 | D:7      | Noticed a troll
  5357 | D:7      | Found Haono's Magic Scroll Shoppe.
  5361 | D:7      | Reached ** piety under the Shining One
  5375 | D:7      | Slain by a sky beast

Illustrated notes

Levels and vault maps discovered:
D:1:      spicycebolla_arrival_transporter_tutorial, layout_loops_cross,
          nicolae_ecumenical_lake_church
D:2:      layout_basic, grunt_decor_resistance
D:3:      layout_loops_ring
D:4:      layout_rooms, minmay_temple_entry_overgrown, serial_bayou_pond_c,
          corexii_checkpoint
D:5:      layout_basic, jmf_multi_god_temple2, ebering_ghost_sewer_f,
          uniq_edmund, uniq_ijyb, uniq_blork_the_orc
D:6:      layout_loops_ring, uniq_duvessa, uniq_maggie
D:7:      layout_rooms, enter_bailey_2, serial_shops, shop, shop, shop,
          nicolae_shop_tiny_glass, nicolae_shop_getting_attention,
          ebering_ghost_rock_garden, uniq_prince_ribbit1, uniq_jeremiah
Temple:   hellmonk_temple_divided_pantheon

Skill      XL: |  1  2  3  4  5  6  7  8 |
---------------+-------------------------+-----
Invocations    | 1 2 3 4 5 |  5.5
Evocations     | 1 2 3 4 |  4.8
Maces & Flails | 3 4 5 |  5.9
Fighting       | 4 5 |  5.5
Shields        | 4 5 |  5.3
Armour         | 4 5 |  5.3

Action                     |  1- 3 |  4- 6 |  7- 9 || total
---------------------------+-------+-------+-------++-------
  Melee: Flail             |   128 |   169 |    41 ||   338
         Whip              |       |       |   163 ||   163
         Unarmed           |       |       |     5 ||     5
    Use: Scroll            |     6 |     2 |     7 ||    15
         Potion            |     1 |    10 |     1 ||    12
 Armour: Scale mail        |    96 |    25 |       ||   121
         Chain mail        |       |   122 |   204 ||   326
  Dodge: Dodged            |    64 |    59 |    96 ||   219
  Block: Buckler           |    33 |    34 |    61 ||   128
